 Dungeon Crawl Stone Soup version 0.31.0-9-g3a7656b989 (webtiles) character file.

Game seed: 11604195268050114453

208070 Colgate the Skirmisher (level 18, -4/142 HPs)
             Began as a Demonspawn Cinder Acolyte on Jan 29, 2024.
             Was a High Priest of Okawaru.
             Killed from afar by Roxanne (57 damage)
             ... with a crystal spear
             ... on level 1 of the Shoals on Jan 30, 2024.
             The game lasted 01:46:48 (38916 turns).

Colgate the Skirmisher (Demonspawn Cinder Acolyte) Turns: 38916, Time: 01:46:48

Health: -4/142     AC:  8    Str: 17    XL:     18   Next: 11%
Magic:  27/27      EV: 21    Int: 17    God:    Okawaru [*****.]
Gold:   2263       SH: 10    Dex: 12    Spells: 17/19 levels left

rFire   + . .        a - +9 hand cannon "Zuyn" {penet, rF+ rCorr Dex-3}
rCold   + . .        t - +3 warlock's mirror {omnireflect}
rNeg    . . .        K - +2 robe {Will+}
rPois   .            R - -2 hat "Unainiz" {rC+ Int+3 Slay+3}
rElec   .            O - +1 cloak of Starlight {*Dazzle EV+4 Stlth--}
rCorr   +            (gloves unavailable)
SInv    .            (no boots)
Will    ++...        d - amulet of faith Stlth
                     T - ring of flight
HPRegen 0.43/turn    D - +4 ring of slaying
MPRegen 0.20/turn

%: reflection, clarity, faith
@: mighty, flying, studying Maces & Flails
A: thin metallic scales 2, (demonic guardian 3), powered by pain 2, demonic
touch 3, clarity
}: 1/15 runes: gossamer
a: Renounce Religion, Heroism, Finesse, Duel


You were on level 1 of the Shoals.
You worshipped Okawaru.
Okawaru was extremely pleased with you.
You visited 6 branches of the dungeon, and saw 28 of its levels.
You also visited: Bailey and Gauntlet.

You collected 3772 gold pieces.
You spent 1509 gold pieces at shops.

Inventory:

Hand Weapons
 a - the +9 hand cannon "Zuyn" (weapon) {penet, rF+ rCorr Dex-3}
   (Okawaru gifted it to you on level 1 of the Spider Nest)

   Dex-3:     It affects your dexterity (-3).
   rF+:       It protects you from fire.
   rCorr:     It protects you from acid and corrosion.
 b - the +9 sling "Tod Qaar" {flame, rElec Will+}
   (You found it on level 5 of the Lair of Beasts)

   rElec:     It insulates you from electricity.
   Will+:     It increases your willpower.
 o - the +12 sling "Igraadel" {freeze, rF+}
   (You found it on level 2 of the Dungeon)

   rF+:       It protects you from fire.
Missiles
 h - 6 curare-tipped darts
Armour
 t - the +3 warlock's mirror (worn) {omnireflect}
   (Okawaru gifted it to you on level 1 of the Spider Nest)

   Omnireflect: It can block and reflect piercing ranged attacks and magical
   attacks against the wielder's willpower.
 K - a +2 robe of willpower (worn)
 O - the +1 cloak of Starlight (worn) {*Dazzle EV+4 Stlth--}
   (You bought it in a shop on level 2 of the Orcish Mines)

   *Dazzle:   It may blind those who miss an attack against the wearer in melee
   combat.
   EV+4:      It affects your evasion (+4).
   Stlth--:   It makes you much less stealthy.
 R - the -2 hat "Unainiz" (worn) {rC+ Int+3 Slay+3}
   (You found it on level 4 of the Spider Nest)

   Int+3:     It affects your intelligence (+3).
   Slay+3:    It affects your accuracy & damage with ranged weapons and melee
   (+3).
   rC+:       It protects you from cold.
Jewellery
 d - an amulet of faith (around neck)
 n - a ring of protection from fire
 p - a ring of see invisible
 x - a ring of resist corrosion
 z - a ring of protection from fire
 B - a ring of protection from cold
 D - a +4 ring of slaying (right hand)
 T - a ring of flight (left hand)
Wands
 v - a wand of mindburst (4)
 y - a wand of polymorph (3)
 E - a wand of roots (31) {@v2}
 N - a wand of digging (4) {@v3}
 S - a wand of quicksilver (9) {@v1}
 Y - a wand of flame (31)
Scrolls
 c - 3 scrolls of immolation
 e - 2 scrolls of torment
 j - 2 scrolls of poison
 k - 5 scrolls of blinking {@r4}
 m - 4 scrolls of enchant weapon
 q - 14 scrolls of teleportation {@r3}
 s - 4 scrolls of fog
 w - 5 scrolls of vulnerability
 C - 2 scrolls of silence
 L - 2 scrolls of noise
 M - 3 scrolls of amnesia
 X - a scroll of brand weapon
Potions
 f - 6 potions of lignification
 i - 3 potions of magic
 l - 4 potions of heal wounds {@q2}
 u - 5 potions of curing {@q1}
 A - 2 potions of attraction
 F - 3 potions of enlightenment
 G - 4 potions of haste {@q4}
 H - 5 potions of invisibility
 I - 3 potions of ambrosia
 J - 2 potions of berserk rage
 P - 4 potions of mutation
 Q - a potion of cancellation
 U - 5 potions of might {@q3}
 W - 4 potions of resistance {@q5}
 Z - 5 potions of brilliance


   Skills:
 - Level 12.9 Fighting
 - Level 3.5 Polearms
 - Level 12.9 Ranged Weapons
 - Level 12.9 Armour
 - Level 12.9 Dodging
 - Level 12.9 Shields
 - Level 1.0 Spellcasting
 - Level 2.6 Fire Magic
 - Level 12.9 Invocations
 + Level 6.6 Evocations


You had 17 spell levels left.
You knew the following spells:

 Your Spells              Type           Power      Damage    Failure   Level
a - Scorch                Fire           18%        2d5       12%         2

Your spell library contained the following spells:

 Spells                   Type           Power      Damage    Failure   Level
 Apportation              Tloc           0%         N/A       24%         1
 Freeze                   Ice            0%         1d3       24%         1
 Magic Dart               Conj           0%         1d3       24%         1
 Necrotise                Necr           0%         1d4       24%         1
 Sandblast                Erth           0%         2d4       24%         1
 Sting                    Conj/Alch      0%         1d3       24%         1
 Blink                    Tloc           0%         N/A       36%         2
 Ensorcelled Hibernation  Hex/Ice        0%         N/A       36%         2
 Mercury Vapours          Alch/Air       0%         N/A       36%         2
 Frozen Ramparts          Ice            0%         1d1       58%         3
 Fugue of the Fallen      Necr           0%         N/A       58%         3
 Hailstorm                Conj/Ice       0%         3d5       58%         3
 Ozocubu's Armour         Ice            0%         N/A       58%         3
 Passwall                 Erth           0%         N/A       58%         3
 Stone Arrow              Conj/Erth      0%         3d7       58%         3
 Anguish                  Hex/Necr       0%         N/A       94%         4
 Brom's Barrelling Bould  Conj/Erth      0%         2d3       94%         4
 Manifold Assault         Tloc           0%         N/A       94%         4
 Olgreb's Toxic Radiance  Alch           0%         N/A       94%         4
 Summon Small Mammal      Summ           Unusable   N/A       N/A         1
 Call Imp                 Summ           Unusable   N/A       N/A         2
 Summon Ice Beast         Ice/Summ       Unusable   N/A       N/A         3
 Summon Mana Viper        Hex/Summ       Unusable   N/A       N/A         5
 Malign Gateway           Summ/Tloc      Unusable   N/A       N/A         7
 Monstrous Menagerie      Summ           Unusable   N/A       N/A         7
 Summon Horrible Things   Summ           Unusable   N/A       N/A         8

Dungeon Overview and Level Annotations

Branches:
Dungeon (15/15)            Temple (1/1) D:4            Lair (5/5) D:9
 Shoals (1/4) Lair:3       Spider (4/4) Lair:2        Slime (0/5) Lair:4
    Orc (2/2) D:11            Elf (0/3) Orc:2        Vaults (0/5) D:13
 Depths (0/4) D:15         Bailey (visited)         Gauntlet (visited)

Altars:
Ashenzari
Cheibriados
Dithmenos
Fedhas
Gozag
Hepliaklqana
Kikubaaqudgha
Makhleb
Nemelex Xobeh
Okawaru
Qazlal
Ru
Sif Muna
Trog
Uskayaw
Vehumet
Wu Jian
Xom
Yredelemnul
Jiyva

Shops:
D:6 (   Orc:1 !   Orc:2 :[!!

Portals:
Abyss: D:12
Pandemonium: Orc:2
Ice
Cave: Shoals:1

Annotations:
D:12 2 transporters, McKennaii's ghost, journeyman DgCj
D:14 2 transporters, Uqorphet's ghost, journeyman DECj
Lair:2 2 transporters, Weugil's ghost, journeyman HaBe
Shoals:1 exclusion: ice statue, Roxanne


Innate Abilities, Weirdness & Mutations

You are mostly covered in thin metallic scales. (AC +3)
((A powerful demonic guardian rushes to your aid.))
You sometimes gain power by taking damage.
Your touch may irresistibly damage your foes and sap their willpower.
You possess an exceptional clarity of mind.


Message History

The ice beast disappears in a puff of smoke!
The plant begins to die.
Fire: a) +9 hand cannon "Zuyn" {penet, rF+ rCorr Dex-3}
Press: ? - help, Q - select action, (/) - cycle Shift-Dir - straight line, f - you
Okay, then.
Unknown command.
You start waiting.
A nearby plant withers and dies.
Found a tower shield.
Roxanne, Geomancer Emeritus comes into view.
You see here 15 gold pieces.
You shoot a bolt. The bolt pierces through Roxanne!!!
You shoot a bolt. The bolt pierces through Roxanne!!
Roxanne casts a spell.
You blink.
A sea snake comes into view.
The sea snake moves out of view.
You shoot a bolt. The bolt pierces through Roxanne!
You shoot a bolt.
The bolt pierces through Roxanne but does no damage.
You shoot a bolt. The bolt pierces through Roxanne!
You shoot a bolt. The bolt pierces through Roxanne!!
You shoot a bolt. The bolt pierces through Roxanne!
Roxanne casts a spell.
The crystal spear hits you!!!
You are too injured to fight recklessly!
Fire: a) +9 hand cannon "Zuyn" {penet, rF+ rCorr Dex-3}
Press: ? - help, Q - select action, (/) - cycle Shift-Dir - straight line, f/p - Roxanne
Aim: Roxanne (severely damaged, 98% to hit)
You shoot a bolt. The bolt pierces through Roxanne!!
Roxanne mumbles some strange words.
The bolt of magma hits you!! You partially resist.
You focus on the pain.
You feel very mighty all of a sudden.
Fire: a) +9 hand cannon "Zuyn" {penet, rF+ rCorr Dex-3}
Press: ? - help, Q - select action, (/) - cycle Shift-Dir - straight line, f/p - Roxanne
Aim: Roxanne (severely damaged, 98% to hit)
You shoot a bolt. The bolt pierces through Roxanne!
Roxanne mumbles some strange words.
The crystal spear hits you!!!
You die...

...##......~≈≈~~~...,,,,,,,,,,,,,
..P.#....~~~~~~~~~......,,,,,,***
.......~~~~~~~~~~~......,,,,,,***
~P.P...~~~.~~~~~~~[.....,~~~,,**,
~.........~~~~~~~.......,~~~,,,,,
,..........~~~~....8....,~~~,,,,,
,.......?...$~~.........,~~,,,,,~
,............~...○......~~~,,,~~~
,.....>..)....P.@.......~~~~,~~~~
,...............○°P.....~~~~~~~~~
,......................~~~~~~~~~~
,............PP...P....~~~,,,,,,~
,,...................~~~~~~,*,,,~
,,...................~~~~~~,,,,,~
,,......∩.....P.....~~~~~,~~~~~~~
,,......8...........~~~~~~~~~~~~~
,,,,,,,,,,,,,,,,,,,,~~~~~~~,~~~~~


You could see Roxanne.

Vanquished Creatures
  2 emperor scorpions
  3 ghost moths (Spider:4)
  An orc warlord (Orc:2)
  6 broodmothers
  2 spark wasps (Spider:4)
  A minotaur (Gauntlet)
  A dire elephant (D:15)
  4 entropy weavers
  Snorg (Lair:5)
  Josephine (D:15)
  8 hydras
  2 ogre magi
  A vault guard (D:13)
  4 centaur warriors
  A catoblepas (Lair:5)
  2 demonspawn (Orc:2)
  6 boulder beetles
  10 two-headed ogres
  A dancing weapon (D:13)
  A jorogumo (Spider:3)
  3 radroaches
  A deep troll shaman (Lair:5)
  A death knight (D:14)
  A tengu warrior (D:14)
  Urug (Lair:2)
  11 death yaks
  6 orc high priests
  9 demonic crawlers
  Sonja (Lair:2)
  3 pharaoh ants
  5 skeletal warriors (D:15)
  A skyshark (Lair:3)
  A sea snake (Shoals:1)
  9 orb spiders
  2 sun moths
  5 steelbarb worms
  10 orc sorcerers
  5 manticores
  2 ugly things (D:13)
  7 orc knights
  An oklob plant (Lair:2)
  2 deep elf pyromancers
  A salamander (D:15)
  22 wolf spiders
  5 cyclopes
  An ice statue (Shoals:1)
  A merfolk siren (Shoals:1)
  3 moths of wrath
  6 meliai
  11 elephants
  A smoke demon (Orc:2)
  A rust devil (Gauntlet)
  A cane toad (shapeshifter) (D:13)
  2 torpor snails
  12 cane toads
  2 gargoyles
  A rime drake (Lair:1)
  An ice devil (Orc:2)
  2 efreet (D:15)
  14 komodo dragons
  A wind drake (Lair:3)
  5 trolls
  A hellwing (Orc:2)
  2 hornets
  A polar bear (Lair:5)
  16 tarantellas
  Grinder (D:4)
  11 slime creatures
  A snapping turtle (Shoals:1)
  19 blink frogs
  17 culicivoras
  2 centaur simulacra (Gauntlet)
  43 jumping spiders
  3 shadows
  5 wraiths
  17 fire elementals
  A vampire (D:14)
  A wyvern (Lair:3)
  47 yaks
  4 wargs (Orc:2)
  6 basilisks
  A redback simulacrum (Gauntlet)
  8 vampire mosquitoes (D:12)
  Menkaure (D:5)
  43 redbacks
  3 steam dragons
  13 water moccasins
  3 acid dragons
  A hydra simulacrum (Gauntlet)
  45 orc warriors
  A black bear (shapeshifter) (D:15)
  A sky beast (D:5)
  3 black bears
  9 ogres
  13 wolves
  17 centaurs
  A phantom (D:11)
  5 kobold brigands
  Blork the orc (D:4)
  15 bullfrogs
  A gnoll sergeant (D:9)
  10 scorpions
  4 wights (D:7)
  A troll zombie (D:11)
  2 howler monkeys
  An electric eel (Spider:3)
  A jelly (D:5)
  2 bombardier beetles
  3 hounds
  3 iron imps (Gauntlet)
  38 orc priests
  A gnoll bouda (D:6)
  A sleepcap (D:7)
  6 iguanas
  23 orc wizards
  7 ogre zombies (D:11)
  9 gnolls
  8 adders
  A shadow imp (D:6)
  3 white imps
  3 dart slugs
  A ribbon worm (Lair:2)
  77 orcs
  6 ball pythons
  8 endoplasms
  4 giant cockroaches
  3 gnoll zombies (D:11)
  12 goblins
  6 hobgoblins
  8 jackals
  3 quokkas
  4 bats
  2 frilled lizards
  2 gnoll skeletons (D:11)
  27 kobolds
  2 orc skeletons (D:11)
  18 orc zombies (D:11)
  6 rats
  A butterfly (D:9)
938 creatures vanquished.

Vanquished Creatures (collateral kills)
  An orc warlord (Orc:1)
  A black mamba (Lair:5)
  A torpor snail (Lair:3)
  A rime drake (Lair:5)
  A ynoxinul (Gauntlet)
  2 yaks (Lair:5)
  An acid dragon (D:11)
  2 water moccasins (Lair:5)
  4 orc warriors
  2 meliai simulacra (Gauntlet)
  3 wolves (Lair:5)
  A centaur (D:11)
  A cane toad simulacrum (Gauntlet)
  2 howler monkeys (D:8)
  An iron imp (Gauntlet)
  5 orcs (Orc:2)
29 creatures vanquished.

Vanquished Creatures (others)
  A hellwing (Orc:2)
  A jumping spider (Spider:3)
  An orc wizard (Orc:2)
  2 orcs (Orc:2)
  A giant cockroach (Lair:2)
  17 foxfires (Orc:1)
23 creatures vanquished.

Grand Total: 990 creatures vanquished

Notes
Turn   | Place    | Note
-------+----------+-------------------------------------------
     0 | D:1      | Colgate the Demonspawn Cinder Acolyte began the quest for
                  | the Orb.
     0 | D:1      | Reached XP level 1. HP: 18/18 MP: 2/2
   239 | D:1      | Gained mutation: Your touch may inflict minor irresistible
                  | damage on your foes. [demonic ancestry]
   239 | D:1      | Reached XP level 2. HP: 17/24 MP: 3/3
   658 | D:2      | Learned a level 2 spell: Scorch
   665 | D:2      | Identified the +12 sling "Igraadel" {freeze, rF+}
   846 | D:2      | Reached skill level 1 in Ranged Weapons
   846 | D:2      | Gained mutation: You are partially covered in thin metallic
                  | scales. (AC +2) [demonic ancestry]
   846 | D:2      | Reached XP level 3. HP: 29/29 MP: 4/4
  1015 | D:2      | Noticed a scorpion
  1018 | D:2      | Killed a scorpion
  1019 | D:2      | Gained mutation: You are mostly covered in thin metallic
                  | scales. (AC +3) [demonic ancestry]
  1019 | D:2      | Reached XP level 4. HP: 35/35 MP: 5/5
  1212 | D:3      | Noticed an ogre
  1217 | D:2      | Gained mutation: Your touch may inflict irresistible damage
                  | on your foes. [demonic ancestry]
  1217 | D:2      | Reached XP level 5. HP: 32/41 MP: 6/6
  1276 | D:3      | Killed an ogre
  1282 | D:3      | Reached skill level 5 in Ranged Weapons
  1282 | D:3      | Reached XP level 6. HP: 38/47 MP: 7/7
  1379 | D:3      | Found an ornate altar of the Wu Jian Council.
  1386 | D:3      | Found a shadowy altar of Dithmenos.
  1568 | D:3      | Found a faded altar of an unknown god.
  1708 | D:3      | Found Enoeq's Distillery.
  1716 | D:3      | Bought a potion of curing for 39 gold pieces
  1932 | D:4      | Noticed Blork the orc
  2046 | D:4      | Noticed Grinder
  2067 | D:4      | Killed Blork the orc
  2079 | D:4      | Paralysed by Grinder for 2 turns
  2082 | D:4      | Killed Grinder
  2083 | D:4      | Gained mutation: A weak demonic guardian rushes to your
                  | aid. [demonic ancestry]
  2083 | D:4      | Reached XP level 7. HP: 43/52 MP: 8/8
  2227 | D:4      | Found a staircase to the Ecumenical Temple.
  2757 | D:4      | Found a radiant altar of Vehumet.
  2787 | D:5      | Entered Level 5 of the Dungeon
  2810 | D:5      | Gained mutation: You sometimes gain a little power by
                  | taking damage. [demonic ancestry]
  2810 | D:5      | Reached XP level 8. HP: 42/58 MP: 9/9
  2921 | D:5      | Identified the +8 chain mail of Disaster {rElec rF- Dex+3}
  3092 | D:5      | Noticed Menkaure
  3098 | D:5      | Killed Menkaure
  3213 | D:5      | Found an ancient bone altar of Kikubaaqudgha.
  3753 | D:6      | Reached skill level 10 in Ranged Weapons
  3831 | D:6      | Reached XP level 9. HP: 55/63 MP: 10/10
  4152 | D:6      | Found Hyuzukiv's Antique Weapon Boutique.
  4534 | D:7      | Identified the +1 ring mail of the Iron Devil {rElec Str-3
                  | Int+7 Stlth+}
  5239 | D:8      | Noticed a cyclops
  5243 | D:8      | Killed a cyclops
  5406 | D:8      | Noticed a gargoyle
  5411 | D:8      | Killed a gargoyle
  5416 | D:8      | Reached XP level 10. HP: 68/70 MP: 11/11
  5425 | D:8      | Reached skill level 1 in Dodging
  5517 | D:8      | Found a bloodstained altar of Trog.
  6162 | D:8      | Reached skill level 5 in Fighting
  6377 | D:9      | Noticed an elephant
  6388 | D:9      | Killed an elephant
  6426 | D:9      | Found a staircase to the Lair.
  6457 | D:9      | Found a shimmering altar of Xom.
  6468 | D:9      | Found an opulent altar of Gozag.
  6815 | D:9      | Noticed a boulder beetle
  6829 | D:9      | Killed a boulder beetle
  7058 | D:9      | Found a shimmering blue altar of Sif Muna.
  7457 | D:10     | Entered Level 10 of the Dungeon
  7772 | D:10     | Found a flagged portal.
  7801 | Bailey   | Entered a bailey
  7909 | Bailey   | Gained mutation: Your touch may irresistibly damage your
                  | foes and sap their willpower. [demonic ancestry]
  7909 | Bailey   | Reached XP level 11. HP: 87/87 MP: 12/12
  7937 | Bailey   | Noticed an orc knight
  7957 | Bailey   | Killed an orc knight
  8043 | Bailey   | Found a large runed translucent door.
  8043 | Bailey   | Found a large runed translucent door.
  8044 | Bailey   | Noticed a deep elf pyromancer
  8096 | Bailey   | Killed a deep elf pyromancer
  8113 | Bailey   | Identified the +1 cloak of the Will of the Gods {Regen+
                  | Int+4}
  8487 | Temple   | Entered the Ecumenical Temple
  8731 | D:10     | Reached skill level 10 in Fighting
  9180 | D:11     | Found a staircase to the Orcish Mines.
  9213 | D:11     | Noticed a two-headed ogre
  9218 | D:11     | Killed a two-headed ogre
  9230 | D:11     | Identified the +0 scale mail of Qyntuic {Harm rCorr}
  9812 | D:11     | Noticed a cyan ugly thing
  9812 | D:11     | Noticed a white ugly thing
  9813 | D:11     | Found a runed translucent gate.
  9813 | D:11     | Found a runed translucent gate.
  9813 | D:11     | Found a runed translucent gate.
  9813 | D:11     | Noticed a cyan ugly thing
  9813 | D:11     | Noticed a cyan ugly thing
  9815 | D:11     | a cyclops changed into a shock serpent
  9815 | D:11     | Noticed a shock serpent (glowing shapeshifter)
  9815 | D:11     | Noticed a glowing orange brain
  9820 | D:11     | a shock serpent changed into a deep troll
  9820 | D:11     | Noticed a deep troll (glowing shapeshifter)
  9889 | D:11     | Noticed a steelbarb worm
  9889 | D:11     | a steelbarb worm changed into a faun
  9932 | D:11     | Noticed a steelbarb worm
  9933 | D:11     | a steelbarb worm changed into a water nymph
  9934 | D:11     | a water nymph changed into a shock serpent
  9934 | D:11     | Noticed a shock serpent (glowing shapeshifter)
  9936 | D:11     | a shock serpent changed into a swamp worm
  9938 | D:11     | a swamp worm changed into a death drake
  9938 | D:11     | Noticed a death drake (glowing shapeshifter)
 10050 | Lair:1   | Entered Level 1 of the Lair of Beasts
 10286 | Lair:1   | Noticed a boulder beetle
 10303 | Lair:1   | Killed a boulder beetle
 10367 | Lair:1   | Gained mutation: A demonic guardian rushes to your aid.
                  | [demonic ancestry]
 10367 | Lair:1   | Reached XP level 12. HP: 103/103 MP: 13/13
 10379 | Lair:1   | Reached skill level 5 in Dodging
 10795 | Lair:2   | Identified a scroll of acquirement
 10796 | Lair:2   | Acquired the +1 buckler "Ithuemaiju" {rPois Regen+ Dex+3}
 10804 | Lair:2   | Noticed a five-headed hydra
 10812 | Lair:2   | Killed a five-headed hydra
 10859 | Lair:2   | Found a gate leading to a gauntlet.
 10888 | Gauntlet | Entered a Gauntlet
 10888 | Gauntlet | Found a transporter.
 10888 | Gauntlet | Found a runed translucent door.
 10888 | Gauntlet | Found a transporter.
 10890 | Gauntlet | Found a runed translucent door.
 10901 | Gauntlet | Found a transporter.
 10919 | Gauntlet | Found a transporter.
 10919 | Gauntlet | Found a transporter.
 10921 | Gauntlet | Found a transporter.
 10921 | Gauntlet | Found a transporter.
 10923 | Gauntlet | Found a transporter.
 10926 | Gauntlet | Noticed a ghost crab
 10936 | Gauntlet | Found a transporter.
 10948 | Gauntlet | Found a runed translucent door.
 10949 | Gauntlet | Found a transporter.
 10950 | Gauntlet | Found a runed translucent door.
 10956 | Gauntlet | Found a transporter.
 10973 | Gauntlet | Found a transporter.
 11006 | Gauntlet | Found a transporter.
 11018 | Gauntlet | Found a transporter.
 11149 | Gauntlet | Identified the +0 plate armour "Maixuapp" {rElec rPois rF-
                  | Int-5}
 11219 | Gauntlet | Noticed a minotaur
 11236 | Gauntlet | Killed a minotaur
 11277 | Gauntlet | Identified the +0 leather armour of Eveuz {rCorr}
 11389 | Lair:2   | Noticed Sonja
 11414 | Lair:2   | Killed Sonja
 11611 | Lair:2   | Reached skill level 10 in Dodging
 11641 | Lair:2   | Found a hole to the Spider Nest.
 11845 | Lair:2   | Found a transporter.
 11848 | Lair:2   | Found a transporter.
 11853 | Lair:2   | Found a bloodstained altar of Trog.
 11870 | Lair:2   | Noticed Weugil's ghost (journeyman HaBe)
 11946 | Lair:2   | Noticed Urug
 11959 | Lair:2   | Killed Urug
 12008 | Lair:2   | Gained mutation: A powerful demonic guardian rushes to your
                  | aid. [demonic ancestry]
 12008 | Lair:2   | Reached XP level 13. HP: 84/109 MP: 14/14
 12188 | Lair:3   | Found a staircase to the Shoals.
 12493 | Lair:3   | Found a runed translucent door.
 12503 | Lair:3   | Found a sparkling altar of Nemelex Xobeh.
 13339 | D:3      | Bought a potion of attraction for 39 gold pieces
 13339 | D:3      | Bought a potion of brilliance for 52 gold pieces
 13339 | D:3      | Bought a potion of magic for 104 gold pieces
 13339 | D:3      | Bought 2 potions of berserk rage for 130 gold pieces
 13339 | D:3      | Bought a potion of mutation for 104 gold pieces
 13339 | D:3      | Bought 2 potions of degeneration for 26 gold pieces
 13979 | Lair:4   | Found a staircase to the Slime Pits.
 13979 | Lair:4   | Found a viscous altar of Jiyva.
 14303 | Lair:5   | Entered Level 5 of the Lair of Beasts
 14314 | Lair:5   | Reached skill level 1 in Armour
 14466 | Lair:5   | Reached skill level 5 in Armour
 14730 | Lair:5   | Gained mutation: You sometimes gain power by taking damage.
                  | [demonic ancestry]
 14730 | Lair:5   | Reached XP level 14. HP: 116/116 MP: 15/15
 14921 | Lair:5   | Noticed Snorg
 14958 | Lair:5   | Killed Snorg
 15000 | Lair:5   | Identified the +9 sling "Tod Qaar" {flame, rElec Will+}
 15552 | Lair:5   | Identified the +0 scale mail of Bus Cour {rElec rPois
                  | Regen+ Int+4}
 15554 | Lair:5   | Acquired 816 gold pieces
 15842 | Orc:1    | Entered Level 1 of the Orcish Mines
 15891 | Orc:1    | Gained mutation: Your body sometimes deteriorates upon
                  | taking damage. [a neqoxec]
 15916 | D:11     | Lost mutation: Your body sometimes deteriorates upon taking
                  | damage. [potion of mutation]
 15916 | D:11     | Gained mutation: You possess an exceptional clarity of
                  | mind. [potion of mutation]
 16122 | Orc:1    | Reached skill level 10 in Armour
 16122 | Orc:1    | Found Xyhotreg's Distillery.
 16149 | Orc:1    | Bought a potion of cancellation for 88 gold pieces
 16558 | Orc:2    | Entered Level 2 of the Orcish Mines
 16651 | Orc:2    | Noticed an orc warlord
 16674 | Orc:2    | Paralysed by an orc sorcerer for 3 turns
 16731 | Orc:1    | Killed an orc warlord
 16974 | Orc:2    | Found Orisch's Distillery.
 16998 | Orc:2    | Found Pizxee's Distillery.
 17315 | Temple   | Fell from the grace of Ignis
 17315 | Temple   | Became a worshipper of Warmaster Okawaru
 17574 | Orc:2    | Noticed an orc warlord
 17611 | Orc:2    | Killed an orc warlord
 17648 | Orc:2    | Found a staircase to the Elven Halls.
 17746 | Orc:2    | Reached * piety under Okawaru
 18454 | Orc:2    | Reached ** piety under Okawaru
 18798 | Orc:2    | Paralysed by an orc sorcerer for 4 turns
 18831 | Orc:2    | Reached XP level 15. HP: 120/121 MP: 16/16
 18850 | Orc:2    | Found Oxkoulum's Book Boutique.
 18850 | Orc:2    | Found a one-way gate leading to the halls of Pandemonium.
 18850 | Orc:2    | Found Feguc's Antique Armour Shop.
 19069 | Orc:2    | Bought a potion of haste for 140 gold pieces
 19098 | Orc:2    | Bought the +1 cloak of Starlight {*Dazzle EV+4 Stlth--} for
                  | 640 gold pieces
 19098 | Orc:2    | Found the +1 cloak of Starlight {*Dazzle EV+4 Stlth--}
 19110 | Orc:2    | Bought a glowing ring mail for 147 gold pieces
 19271 | D:11     | You fall into a shaft and drop 1 floor!
 19390 | D:12     | Found a transporter.
 19390 | D:12     | Found a one-way gate to the infinite horrors of the Abyss.
 19390 | D:12     | Noticed McKennaii's ghost (journeyman DgCj)
 19435 | D:12     | Reached *** piety under Okawaru
 19458 | D:12     | Reached skill level 1 in Shields
 19588 | D:12     | Found a transporter.
 20464 | D:13     | Found a gate to the Vaults.
 20469 | D:13     | Reached **** piety under Okawaru
 20497 | D:13     | Reached skill level 5 in Shields
 21383 | D:14     | Reached ***** piety under Okawaru
 21388 | D:14     | Paralysed by an ogre mage for 4 turns
 21431 | D:14     | Noticed Uqorphet's ghost (journeyman DECj)
 21432 | D:14     | Found a transporter.
 21447 | D:14     | Found a transporter.
 21510 | D:14     | Was forgiven by Ignis
 21764 | D:14     | You fall into a shaft and drop 1 floor!
 21764 | D:15     | Entered Level 15 of the Dungeon
 21881 | D:15     | Found a staircase to the Depths.
 21912 | D:15     | Reached skill level 1 in Invocations
 21932 | D:15     | Paralysed by an orc sorcerer for 3 turns
 21962 | D:15     | Received a gift from Okawaru
 21970 | D:15     | Reached skill level 5 in Invocations
 21991 | D:15     | Found a burning altar of Makhleb.
 22622 | D:15     | Noticed Josephine
 22629 | D:15     | Killed Josephine
 22629 | D:15     | Received a gift from Okawaru
 22952 | Spider:1 | Entered Level 1 of the Spider Nest
 23225 | Spider:1 | Reached XP level 16. HP: 129/129 MP: 23/23
 23252 | Spider:1 | Reached skill level 10 in Invocations
 23477 | Spider:1 | Reached ****** piety under Okawaru
 23483 | Spider:1 | Acquired the +3 warlock's mirror {omnireflect}
 23483 | Spider:1 | Received a gift from Okawaru
 23483 | Spider:1 | Found the +3 warlock's mirror {omnireflect}
 23484 | Spider:1 | Acquired the +9 hand cannon "Zuyn" {penet, rF+ rCorr Dex-3}
 23484 | Spider:1 | Received a gift from Okawaru
 23542 | Spider:1 | Received a gift from Okawaru
 23861 | Arena    | Entered the Arena
 23866 | Arena    | Reached XP level 17. HP: 49/135 MP: 10/26
 24343 | Spider:2 | Reached skill level 1 in Evocations
 26125 | Spider:3 | Reached skill level 10 in Shields
 27852 | Spider:3 | Received a gift from Okawaru
 28404 | Spider:4 | Entered Level 4 of the Spider Nest
 37756 | Spider:4 | Reached XP level 18. HP: 113/142 MP: 20/27
 37757 | Spider:4 | Reached skill level 5 in Evocations
 38124 | Spider:4 | Identified the -2 hat "Unainiz" {rC+ Int+3 Slay+3}
 38131 | Spider:4 | Got a gossamer rune of Zot
 38753 | Shoals:1 | Entered Level 1 of the Shoals
 38850 | Shoals:1 | Found a glacial archway.
 38907 | Shoals:1 | Noticed Roxanne
 38916 | Shoals:1 | Killed from afar by Roxanne

Illustrated notes

Levels and vault maps discovered:
D:1:      lightli_iron_boxes, layout_rooms, minmay_door_square
D:2:      layout_loops_ring
D:3:      layout_rooms, mainiacjoe_overflow_catwalk_spiral, zin_statuary,
          serial_shops, nicolae_shop_stone, shapermc_ecumenical_altar_acropolis,
          columned_hall_lemuel
D:4:      layout_cave_pods, lemuel_doored_altar, minmay_temple_entry_junction_2,
          minmay_cupped, uniq_grinder, uniq_blork_the_orc
D:5:      layout_basic, mainiacjoe_overflow_paths, uniq_menkaure
D:6:      layout_cave_pods, serial_shops, nicolae_shop_back_alley_shop
D:7:      layout_rooms, nicolae_concentric_dashed_squares_mild
D:8:      layout_loops_ring, trog_hazing_becter, chequers_serial_rivers_large_b
D:9:      layout_gridville, nicolae_gozag_cash_rules_everything_around_me,
          xom_butterflies, kennysheep_orc_sif_temple, david_lair_generic
D:10:     layout_small_grid, enter_bailey_2, dk_vineyard_3
D:11:     layout_basic, zombieorc2_lemuel,
          ploomutoo_gammafunk_ghost_potion_laboratory
D:12:     layout_basic, gammafunk_ghost_abyssal_escape, elyvilon_altar_3
D:13:     layout_irregular_city, erik_vaults_1
D:14:     layout_irregular_city, minmay_misc_feat_doors,
          gammafunk_ghost_stat_death, enter_trove_3
D:15:     hangedman_depths_entry_try_elsewhere_first, layout_loops_ring,
          bloody_makhleb, uniq_josephine
Temple:   oiseaux_autumnal_temple
Lair:1:   layout_loops_ring
Lair:2:   beast_lair_carwin_large_2, layout_misc_corridors,
          nicolae_spider_entry_non_spiders, gammafunk_ghost_wrathful_warriors,
          gauntlet_entry_generic, infiniplex_staircase_pool_2, uniq_urug,
          uniq_sonja
Lair:3:   layout_regular_city, minmay_shoals_entry_beasts, basic_altar,
          pf_torpor_hydra
Lair:4:   layout_loops_ring, slime_entry_1
Lair:5:   grunt_lair_end_beastmaster, layout_gridlike, st_stairs_7,
          grunt_megastairs_1, uniq_snorg
Shoals:1: layout_shoals, portal_ice_cave_entry_ice_statue_two, uniq_nikola,
          uniq_roxanne, uniq_donald
Spider:1: layout_spider_delve
Spider:2: layout_spider_delve
Spider:3: layout_spider_delve
Spider:4: grunt_spider_rune_parallel
Orc:1:    layout_diamond_mine, serial_shops, nicolae_shop_industrial_runoff,
          basic_altar
Orc:2:    pf_orc_diabolical, layout_diamond_mine

Skill      XL: |  1  2  3  4  5  6  7  8  9 10 11 12 13 14 15 16 17 18 |
---------------+-------------------------------------------------------+-----
Polearms       | 3 |  3.5
Ranged Weapons | 1 3 5 6 8 10 12 | 12.9
Dodging        | 4 10 12 | 12.9
Fighting       | 8 12 | 12.9
Armour         | 7 12 | 12.9
Shields        | 7 9 12 | 12.9
Invocations    | 9 12 | 12.9
Evocations     | 4 6 |  6.6
Spellcasting   | |  1.0
Fire Magic     | |  2.6

Action                     |  1- 3 |  4- 6 |  7- 9 | 10-12 | 13-15 | 16-18 || total
---------------------------+-------+-------+-------+-------+-------+-------++-------
  Melee: Spear             |    40 |       |       |       |       |       ||    40
         Touch             |     1 |       |       |       |       |       ||     1
   Fire: Sling             |    24 |    86 |   228 |   768 |  1820 |   114 ||  3040
         Hand cannon       |       |       |       |       |       |   980 ||   980
 Invoke: Fiery Armour      |     1 |       |     1 |     2 |     6 |       ||    10
         Heroism           |       |       |       |       |     6 |    11 ||    17
         Foxfire Swarm     |       |       |       |       |     1 |       ||     1
         Rising Flame      |       |       |       |       |     1 |       ||     1
         Finesse           |       |       |       |       |       |     3 ||     3
         Duel              |       |       |       |       |       |     1 ||     1
         Receive Weapon    |       |       |       |       |       |     1 ||     1
         Receive Armour    |       |       |       |       |       |     1 ||     1
  Evoke: Wand              |       |       |       |       |     1 |       ||     1
    Use: Scroll            |       |       |     5 |    10 |    12 |     3 ||    30
         Potion            |       |       |       |     2 |     2 |     5 ||     9
 Armour: Robe              |    21 |    12 |    16 |    11 |       |     7 ||    67
         Leather armour    |       |       |     9 |   109 |   215 |       ||   333
         Skin              |       |       |       |     8 |       |       ||     8
         Scale mail        |       |       |       |       |   210 |       ||   210
         Ring mail         |       |       |       |       |   173 |   609 ||   782
  Dodge: Dodged            |    27 |    15 |    21 |   123 |   916 |  1206 ||  2308
  Block: Buckler           |       |       |       |    16 |   334 |   501 ||   851
         Reflection        |       |       |       |       |       |     2 ||     2
